 Dungeon Crawl Stone Soup version 0.21.1-1-g345015fe64 (webtiles) character file.

134 Hercules1031 the Shield-Bearer (level 4, 0/44 HPs)
             Began as a Troll Fighter on June 10, 2018.
             Slain by a gnoll shaman
             ... wielding a +0 whip
              (2 damage)
             ... on level 3 of the Dungeon.
             The game lasted 00:10:33 (2157 turns).

Hercules1031 the Shield-Bearer (Troll Fighter)      Turns: 2157, Time: 00:10:33

Health: 0/44       AC:  5    Str: 22 (24) XL:     4   Next: 95%
Magic:  3/3        EV:  9    Int:  4      God:
Gold:   141        SH:  9    Dex: 10      Spells: 3/3 levels left

rFire    . . .     SeeInvis .   a - +0 flail
rCold    . . .     Gourm    +   c - +0 shield
rNeg     . . .     Faith    .   d - +0 animal skin
rPois    .         Spirit   .   (helmet restricted)
rElec    .         Reflect  .   (no cloak)
rCorr    .         Harm     .   (gloves unavailable)
MR       .....                  (boots unavailable)
Stlth    +.........             (no amulet)
HPRegen  0.54/turn              (no ring)
MPRegen  0.08/turn              (no ring)

@: no status effects
A: large, unfitting armour, claws 3, fast metabolism 3, gourmand, regeneration
1, shaggy fur 1, tough skin 2
a: no special abilities


You were on level 3 of the Dungeon.
You were hungry.

You visited 1 branch of the dungeon, and saw 3 of its levels.

You collected 141 gold pieces.

Inventory:

Hand Weapons
 a - a +0 flail (weapon)
Armour
 b - a +0 robe
 c - a +0 shield (worn)
 d - a +0 animal skin (worn)
Jewellery
 h - a cursed ring of teleportation
Scrolls
 e - 2 scrolls of teleportation
 f - 4 scrolls of identify
 i - a scroll of remove curse
 j - a scroll of enchant armour {unknown}


   Skills:
 + Level 2.8 Fighting
 + Level 2.4 Maces & Flails
 * Level 3.3 Dodging
 * Level 3.4 Shields


You had 3 spell levels left.
You didn't know any spells.

Dungeon Overview and Level Annotations

Branches:
Dungeon (3/15)

Altars:
Uskayaw
Vehumet
Xom
Zin
The Shining One


Innate Abilities, Weirdness & Mutations

You are too large for most types of armour.
You have claws for hands.
Your metabolism is lightning-fast.
You like to eat raw meat.
Your natural rate of healing is unusually fast.
You are covered in fur. (AC +1)
You have very tough skin. (AC +2)


Message History

The gnoll shaman hits you with a whip.
You hit the gnoll shaman but do no damage.
The gnoll hits you from afar with a spear.
The gnoll shaman hits you with a whip! You block the gnoll's attack.
You hit the gnoll shaman.
The gnoll shaman is lightly wounded.
The gnoll shaman completely misses you. The gnoll hits you but does no damage.
You closely miss the gnoll shaman.
The gnoll shaman is lightly wounded.
The gnoll shaman hits you with a whip!
* * * LOW HITPOINT WARNING * * *
The gnoll hits you from afar with a spear.
* * * LOW HITPOINT WARNING * * *
The gnoll shaman hits you but does no damage.
You barely miss the gnoll shaman.
The gnoll shaman is lightly wounded.
The gnoll hits you from afar with a spear!
* * * LOW HITPOINT WARNING * * *
The gnoll shaman hits you with a whip.
You die...

#.........)####.#.#
##.####......#.....
####'##
#.####.####.#
#.....###.# .# ...
#.....'...# # ####
#.....#######
######......#
#########g.....#
.......@ggg....+
####...##g.....#
#... #.(....# .'...
#..(†..# ###...
#......# ....
#......#
#....#.........
#....#..........#
#..........#


You could see a gnoll shaman, 3 gnolls and a goblin.

Vanquished Creatures
  Robin (D:3)
  A gnoll (D:3)
  4 adders (D:2)
  An ooze (D:2)
  3 dart slugs
  2 worms (D:2)
  A leopard gecko (D:3)
  2 giant cockroaches
  9 goblins
  11 hobgoblins
  8 jackals (D:3)
  A kobold (D:2)
  A quokka (D:3)
  2 ball pythons (D:2)
  5 bats
  3 frilled lizards
  4 rats
59 creatures vanquished.

Vanquished Creatures (others)
  A goblin (D:3)
  3 hobgoblins (D:3)
4 creatures vanquished.

Grand Total: 63 creatures vanquished

Notes
Turn   | Place    | Note
-------+----------+-------------------------------------------
     0 | D:1      | Hercules1031 the Troll Fighter began the quest for the Orb.
     0 | D:1      | Reached XP level 1. HP: 22/22 MP: 0/0
   479 | D:1      | Reached XP level 2. HP: 25/29 MP: 1/1
   809 | D:2      | Found a radiant altar of Vehumet.
   892 | D:2      | Found a glowing golden altar of the Shining One.
  1037 | D:2      | Reached XP level 3. HP: 29/36 MP: 2/2
  1067 | D:2      | Found a hide-covered altar of Uskayaw.
  1197 | D:2      | Found a glowing silver altar of Zin.
  1433 | D:2      | Reached XP level 4. HP: 11/44 MP: 3/3
  1956 | D:3      | Found a shimmering altar of Xom.
  2016 | D:3      | Noticed Robin
  2046 | D:3      | Killed Robin
  2157 | D:3      | HP: 2/44 [gnoll/spear (9)]
  2157 | D:3      | Slain by a gnoll shaman

Skill      XL: |  1  2  3 |
---------------+----------+-----
Maces & Flails | 2 |  2.4
Shields        | 3 |  3.4
Dodging        | 3 |  3.3
Fighting       | |  2.8

Action                   |  1- 3 |  4- 6 || total
-------------------------+-------+-------++-------
Melee: Flail             |   102 |   123 ||   225
  Use: Potion            |     5 |     3 ||     8
       Scroll            |     3 |     2 ||     5
 Stab: Invisible         |     1 |     3 ||     4
  Eat: Ration            |     4 |     1 ||     5
Armor: Robe              |    44 |    69 ||   113
       Animal skin       |       |     4 ||     4
Dodge: Dodged            |    43 |    71 ||   114
Block: Shield            |    77 |   103 ||   180
